 Dungeon Crawl Stone Soup version 0.30.1-1-g62c8e00024 (webtiles) character file.

Game seed: 9997100150756497826

760 Destapler the Gusty (level 7, -11/40 HPs)
             Began as a Tengu Air Elementalist on July 15, 2023.
             Was an Initiate of Sif Muna.
             Killed from afar by a steam dragon (17 damage)
             ... with a ball of steam
             ... on level 6 of the Dungeon on July 16, 2023.
             The game lasted 00:23:14 (5729 turns).

Destapler the Gusty (Tengu Air Elementalist)        Turns: 5729, Time: 00:23:14

Health: -11/40     AC:  4    Str:  8    XL:     7   Next: 80%
Magic:  6/14       EV: 16    Int: 18    God:    Sif Muna [......]
Gold:   198        SH:  0    Dex: 20    Spells: 4/14 levels left

rFire   . . .        a - +3 short sword (holy)
rCold   . . .        (no shield)
rNeg    . . .        r - +0 robe
rPois   .            (helmet restricted)
rElec   .            t - +0 cloak
rCorr   .            h - +0 pair of gloves
SInv    .            (boots unavailable)
Will    .....        (no amulet)
Stlth   +++          u - +6 ring of dexterity
HPRegen 0.26/turn    (no ring)
MPRegen 0.14/turn

%: no passive effects
@: swift, flying quickly and evasively, very quick
A: beak, talons 3, nimble flight
a: Renounce Religion


You were on level 6 of the Dungeon.
You worshipped Sif Muna.
Sif Muna was noncommittal.
You visited 1 branch of the dungeon, and saw 6 of its levels.

You collected 198 gold pieces.

Inventory:

Hand Weapons
 a - a +3 short sword of holy wrath (weapon)
Missiles
 w - 6 curare-tipped darts
Armour
 h - a +0 pair of gloves (worn)
 r - a +0 robe (worn)
 t - a +0 cloak (worn)
Jewellery
 u - a +6 ring of dexterity (left hand)
Scrolls
 c - a scroll of enchant weapon {unknown}
 i - a scroll of fog {unknown}
 k - 3 scrolls of teleportation
 l - a scroll of poison {unknown}
 m - a scroll of magic mapping {unknown}
 n - a scroll of fear {unknown}
 o - a scroll of silence {unknown}
 p - a scroll of butterflies {unknown}
 q - 2 scrolls of immolation {unknown}
 s - a scroll of torment {unknown}
Potions
 b - 2 potions of magic
 d - 2 potions of cancellation {unknown}
 e - a potion of heal wounds {unknown}
 f - 2 potions of attraction {unknown}
 g - a potion of haste {unknown}
 j - 3 potions of invisibility
 v - a potion of curing {unknown}


   Skills:
 + Level 2.7 Fighting
 + Level 2.9 Short Blades
 + Level 1.9 Armour
 - Level 3.0 Dodging
 - Level 3.0 Stealth
 * Level 4.1 Spellcasting
 - Level 5.0 Conjurations
 + Level 5.6 Air Magic


You had 4 spell levels left.
You knew the following spells:

 Your Spells              Type           Power      Damage    Failure   Level
c - Airstrike             Air            12%        2d(2-18)  14%         4
d - Static Discharge      Conj/Air       44%        2-4/arc   2%          2
s - Swiftness             Air            24%        N/A       4%          3
z - Shock                 Conj/Air       88%        1d8       1%          1

Your spell library contained the following spells:

 Spells                   Type           Power      Damage    Failure   Level
 Ensorcelled Hibernation  Hex/Ice        6%         N/A       22%         2
 Passwall                 Tmut/Erth      2%         N/A       22%         2


Dungeon Overview and Level Annotations

Branches:
Dungeon (6/15)
 Temple: D:4-7

Altars:
Cheibriados
Sif Muna
Wu Jian


Innate Abilities, Weirdness & Mutations

You have a beak for a mouth.
You have claws for feet.
Your magical nature lets you fly swiftly and evasively.


Message History

The zap hits the steam dragon but does no damage.
The zap misses the steam dragon.
A hound comes into view.
The steam dragon completely misses you. The steam dragon claws you.
The hound moves out of view.
The zap misses the steam dragon.
The zap hits the steam dragon but does no damage.
The steam dragon breathes steam at you. The ball of steam hits you!!
Ouch! That really hurt!
* * * LOW HITPOINT WARNING * * *
You hear a bark!
You hear a shout! x2
The zap hits the steam dragon!
The steam dragon is moderately wounded.
The zap hits the steam dragon.
The steam dragon is moderately wounded.
You are engulfed in a cloud of scalding steam.
* * * LOW HITPOINT WARNING * * *
You hear an angry hiss.
The steam dragon misses you. The steam dragon closely misses you.
The zap misses the steam dragon.
The zap hits the steam dragon.
The steam dragon is moderately wounded.
You are engulfed in a cloud of scalding steam.
* * * LOW HITPOINT WARNING * * *
The steam dragon closely misses you. The steam dragon misses you.
Unknown command.
The zap misses the steam dragon.
The zap hits the steam dragon.
The steam dragon is heavily wounded.
You are engulfed in a cloud of scalding steam.
* * * LOW HITPOINT WARNING * * *
The steam dragon misses you. The steam dragon completely misses you.
The zap hits the steam dragon but does no damage.
The steam dragon is heavily wounded.
The zap hits the steam dragon.
The steam dragon is severely wounded.
You are engulfed in a cloud of scalding steam.
* * * LOW HITPOINT WARNING * * *
The steam dragon breathes steam at you. The ball of steam hits you!
You die...

. ...## ... . .... ..###
... >...### #..##..#...#
#........... #........# #
## #.D.....# .#..# ##.@#
.. ##... . #...#.#
###...#... #.....##
#.......S. #<.§...#
#<.......
#.......§§....##.........
#..###+####..............
# #......###.#.. #.......
... #....... #.


You could see a steam dragon (catching breath).

Vanquished Creatures
  Sigmund (D:2)
  A black bear (D:4)
  3 scorpions
  2 hounds (D:5)
  Crazy Yiuf (D:3)
  Terence (D:2)
  3 iguanas
  6 adders
  A shadow imp (D:5)
  2 white imps (D:5)
  A worm (D:2)
  A dart slug (D:5)
  6 orcs
  6 bats
  11 endoplasms
  2 giant cockroaches (D:3)
  9 goblins
  3 hobgoblins
  2 quokkas (D:1)
  8 ball pythons
  3 frilled lizards
  7 kobolds
  5 rats
85 creatures vanquished.

Notes
Turn   | Place    | Note
-------+----------+-------------------------------------------
     0 | D:1      | Destapler the Tengu Air Elementalist began the quest for
                  | the Orb.
     0 | D:1      | Reached XP level 1. HP: 10/10 MP: 4/4
   185 | D:1      | Reached XP level 2. HP: 16/16 MP: 0/6
   418 | D:1      | Reached skill level 1 in Fighting
   778 | D:1      | Reached XP level 3. HP: 20/20 MP: 0/7
  1737 | D:2      | Noticed Sigmund
  1743 | D:2      | HP: 1/20 [Sigmund/+0 scythe (10)]
  1747 | D:2      | Killed Sigmund
  1748 | D:2      | Reached skill level 1 in Short Blades
  1748 | D:2      | Reached XP level 4. HP: 2/26 MP: 3/8
  1748 | D:2      | Gained mutation: Your magical nature lets you fly swiftly
                  | and evasively. [Tengu growth]
  1748 | D:2      | Reached XP level 5. HP: 3/30 MP: 3/9
  1927 | D:2      | Noticed Terence
  1941 | D:2      | Killed Terence
  2247 | D:3      | Reached XP level 6. HP: 35/35 MP: 8/11
  2556 | D:3      | Found an ornate altar of the Wu Jian Council.
  2693 | D:3      | Reached skill level 5 in Air Magic
  3035 | D:3      | Found a runed translucent door.
  3036 | D:3      | Noticed Crazy Yiuf
  3364 | D:3      | Learned a level 3 spell: Swiftness
  3369 | D:3      | Learned a level 4 spell: Airstrike
  3389 | D:3      | Killed Crazy Yiuf
  3610 | D:4      | Reached skill level 5 in Conjurations
  3980 | D:4      | Noticed a black bear
  4004 | D:4      | Killed a black bear
  4005 | D:4      | Reached XP level 7. HP: 40/40 MP: 3/13
  4210 | D:4      | Found a shimmering blue altar of Sif Muna.
  4210 | D:4      | Found a snail-covered altar of Cheibriados.
  4217 | D:4      | Became a worshipper of Sif Muna the Loreminder
  4372 | D:5      | Entered Level 5 of the Dungeon
  4476 | D:5      | Reached skill level 1 in Armour
  5712 | D:6      | Noticed a steam dragon
  5718 | D:5      | Learned a level 2 spell: Static Discharge
  5729 | D:6      | Killed from afar by a steam dragon

Illustrated notes

Levels and vault maps discovered:
D:1:      wander_arrival_desolate, layout_basic, minmay_misc_feat_doors,
          minmay_misc_feat_alley, minmay_misc_feat_room, st_stairs_8,
          nrook_mini_vaults
D:2:      layout_loops_ring, item_on_display_a, uniq_sigmund, uniq_terence
D:3:      layout_basic, pdpol_wu_jian_five_deadly_venoms, serial_bayou_lagoon_b,
          uniq_crazy_yiuf_cottage
D:4:      layout_basic, amethyst_overflow_temple_binary,
          hangedman_decor_clover_reticule
D:5:      layout_basic, amcnicky_mini_pool_small
D:6:      layout_cave_pools, kennysheep_mini_moat, yredelemnul_altar_generic,
          minmay_temple_entry_fiery, minmay_shop_grid_forest, minivault_1,
          minivault_23, dk_noncrumbling_3

Skill      XL: |  1  2  3  4  5  6  7 |
---------------+----------------------+-----
Fighting       | 1 2 |  2.7
Conjurations   | 3 5 |  5.0
Short Blades   | 1 2 |  2.9
Dodging        | 3 |  3.0
Stealth        | 3 |  3.0
Air Magic      | 5 |  5.6
Spellcasting   | 3 4 |  4.1
Armour         | 1 |  1.9

Action                     |  1- 3 |  4- 6 |  7- 9 || total
---------------------------+-------+-------+-------++-------
  Melee: Rapier            |     9 |     2 |       ||    11
         Kick              |     4 |     2 |     3 ||     9
         Peck              |     1 |     1 |     1 ||     3
         Short sword       |       |     5 |    12 ||    17
   Cast: Shock             |    74 |    75 |    38 ||   187
         Swiftness         |       |     2 |     2 ||     4
    Use: Potion            |     1 |       |       ||     1
         Scroll            |       |       |     4 ||     4
   Stab: Sleeping          |     4 |     2 |     3 ||     9
 Armour: Robe              |     3 |     2 |     2 ||     7
  Dodge: Dodged            |    10 |    16 |    16 ||    42
